 Dungeon Crawl Stone Soup version 0.31-a0-360-gb3e1d13bf4 (webtiles) character file.

Game seed: 5275861297203929536

1875 lunkers the Martial Artist (level 9, -10/71 HPs)
             Began as a Meteoran Shapeshifter on July 21, 2023.
             Was an Initiate of Gozag.
             Mangled by a wyvern (14 damage)
             ... on level 8 of the Dungeon on July 26, 2023.
             The game lasted 00:08:55 (2695 turns).

lunkers the Martial Artist (Meteoran Shapeshifter)  Turns: 2695, Time: 00:08:56

Health: -10/71     AC:  9    Str: 17    XL:     9   Next: 62%
Magic:  0/10       EV: 10    Int:  9    God:    Gozag
Gold:   705        SH: 10    Dex: 20    Spells: 8/8 levels left

rFire   . .          .
                       - Unarmed
rCold   + . .        k - +1 kite shield {reflect}
rNeg    . . .        v - +3 scale mail {rC+}
rPois   .            (helmet currently unavailable)
rElec   .            (cloak currently unavailable)
rCorr   .            (gloves currently unavailable)
SInv    .            (boots currently unavailable)
Will    +....        f - amulet of guardian spirit Stlth
                     d - ring of flight
HPRegen 0.31/turn    (no ring)
MPRegen 0.12/turn

%: reflection, guardian spirit
@: lethally poisoned (-10 -> -19), beast-form, flying, slowed, glowing, very
slow
A: beast (slay +2), sense surroundings 2, otherworldly, glowing, explore regen
a: Begin Untransformation, Renounce Religion, Potion Petition, Call Merchant,
Bribe Branch


You were on level 8 of the Dungeon.
You worshipped Gozag.
Gozag was pleased with you.
You were a hulking beast.
You visited 1 branch of the dungeon, and saw 8 of its levels.

You collected 727 gold pieces.
You paid 22 gold pieces to Gozag.

Inventory:

Armour
 a - a +0 animal skin
 k - a +1 kite shield of reflection (worn)
 m - a +0 cloak
 o - a +0 cloak
 v - a +3 scale mail of cold resistance (worn)
Jewellery
 d - a ring of flight (left hand)
 f - an amulet of guardian spirit (around neck)
Talismans
 c - a beast talisman
Wands
 n - a wand of iceblast (1)
Scrolls
 e - a scroll of fear
 l - 2 scrolls of teleportation
 q - a scroll of amnesia
 s - 2 scrolls of fog
 u - 2 scrolls of immolation
Potions
 b - a potion of lignification
 g - a potion of might
 h - 3 potions of degeneration {unknown}
 i - a potion of attraction {unknown}
 j - 2 potions of brilliance
 p - 4 potions of curing
 r - a potion of magic {unknown}
 t - 3 potions of heal wounds {unknown}


   Skills:
 + Level 4.1 Fighting
 + Level 5.0 Dodging
 + Level 12.7 Unarmed Combat
 + Level 3.6 Shapeshifting


You had 8 spell levels left.
You didn't know any spells.
Your spell library contained the following spells:

 Spells                   Type           Power      Damage    Failure   Level
 Apportation              Tloc           0%         N/A       99%         1
 Summon Small Mammal      Summ           0%         N/A       99%         1
 Cigotuvi's Dreadful Rot  Necr/Pois/Air  0%         N/A       100%        2
 Poisonous Vapours        Pois/Air       0%         N/A       100%        2
 Call Canine Familiar     Summ           0%         N/A       100%        3
 Ignite Poison            Fire/Tmut/Pois 0%         N/A       100%        3
 Mephitic Cloud           Conj/Pois/Air  0%         N/A       100%        3
 Ozocubu's Armour         Ice            0%         N/A       100%        3
 Summon Guardian Golem    Hex/Summ       0%         N/A       100%        3
 Alistair's Intoxication  Tmut/Pois      0%         N/A       100%        5
 Freezing Cloud           Conj/Ice/Air   0%         6-21      100%        5
 Ozocubu's Refrigeration  Ice            0%         4d7       100%        7


Dungeon Overview and Level Annotations

Branches:
Dungeon (8/15) Zot: 2115   Temple (0/1) D:5
   Lair: D:8-11

Altars:
Cheibriados
Gozag
Kikubaaqudgha
Sif Muna
Uskayaw

Shops:
D:4 !


Innate Abilities, Weirdness & Mutations

You are a hulking beast.
Your limbs bulge with bestial killing power. (Slay +2)
You passively map the area around you.
You are easily found by Zot.
You glow in the dark.
You regain HP and MP as you explore.


Message History

The hornet is heavily wounded.
You feel very sick. The hornet stings you!
You suddenly lose the ability to move!
The hornet stings you but does no damage.
You can move again.
You punch the hornet!
The hornet is severely wounded.
You feel very sick. The hornet closely misses you. The hornet stings you!
* * * LOW HITPOINT WARNING * * *
You are more poisoned.
You shrug off the repeated paralysis!
You closely miss the hornet.
The hornet is severely wounded.
You feel very sick. The hornet barely misses you. The hornet stings you!
* * * LOW HITPOINT WARNING * * *
You shrug off the repeated paralysis!
Unknown command.
You closely miss the hornet.
The hornet is severely wounded.
You feel very sick. You block the hornet's attack. The wyvern bites you.
* * * LOW HITPOINT WARNING * * *
The hornet stings you!
* * * LOW MAGIC WARNING * * *
* * * LOW HITPOINT WARNING * * *
You are more poisoned.
You feel as though you will be slow longer.
You block the wyvern's attack.
Unknown command.
You feel better. The hornet closely misses you. You block the wyvern's attack.
The hornet stings you!
* * * LOW MAGIC WARNING * * *
* * * LOW HITPOINT WARNING * * *
You are lethally poisoned!
You feel as though you will be slow longer.
The wyvern bites you!
You die...
Your body crumbles into a pile of gold.

#......§.###.##
.. #.##.#####
#.# *###*
#....#### #.# *
####....# #.#
####.####.##
##≈≈≈≈≈≈≈≈#* ,
##≈≈≈≈≈≈≈≈≈≈. ,
,
##≈≈≈######≈≈≈
, ,, #≈lh##
.F.# ≈~ #≈y##
,....# * *#≈≈ ,
#+#..#~~ ,,
*..≈≈* $*..#≈ *
#..≈≈ ,,* $ .#≈
#..≈≈ ,, ~**
#..≈≈ , *~
#..≈≈ , ~ * 8
~**


You could see a hornet and a wyvern.

Vanquished Creatures
  The ghost of ablizno the Ducker, a novice MfGl of Xom (D:7)
  A komodo dragon (D:8)
  A troll (D:8)
  A sky beast (D:7)
  2 ice beasts
  A bullfrog (D:6)
  A scorpion (D:6)
  A gnoll sergeant (D:7)
  An electric eel (D:8)
  2 lava snakes (D:7)
  3 jellies
  A hound (D:5)
  An orc priest (D:4)
  Crazy Yiuf (D:2)
  An iguana (D:6)
  An orc wizard (D:7)
  5 gnolls (D:7)
  4 adders
  2 shadow imps
  A white imp (D:7)
  An ufetubus (D:6)
  2 worms
  A dart slug (D:3)
  8 orcs
  4 bats
  6 endoplasms
  4 giant cockroaches
  7 goblins
  5 hobgoblins
  8 jackals
  4 kobolds
  3 quokkas
  2 ball pythons
  2 frilled lizards
  5 rats (D:2)
94 creatures vanquished.

Notes
Turn   | Place    | Note
-------+----------+-------------------------------------------
     0 | D:1      | lunkers the Meteoran Shapeshifter began the quest for the
                  | Orb.
     0 | D:1      | Reached XP level 1. HP: 16/16 MP: 2/2
    79 | D:1      | Reached skill level 4 in Unarmed Combat
    79 | D:1      | Reached XP level 2. HP: 22/23 MP: 3/3
   235 | D:1      | Reached XP level 3. HP: 21/28 MP: 4/4
   320 | D:2      | Reached skill level 5 in Unarmed Combat
   363 | D:2      | Found a snail-covered altar of Cheibriados.
   454 | D:2      | Reached XP level 4. HP: 34/35 MP: 5/5
   498 | D:2      | Identified the +0 hand axe "Ycvocs" {freeze, Fragile rElec
                  | Str+2 Dex+5}
   577 | D:2      | Found a runed translucent door.
   578 | D:2      | Noticed Crazy Yiuf
   589 | D:2      | Killed Crazy Yiuf
   590 | D:2      | Reached skill level 6 in Unarmed Combat
   632 | D:2      | Reached XP level 5. HP: 22/40 MP: 6/6
   632 | D:2      | Upgraded the game from 0.31-a0-339-gda1cbd555d to
                  | 0.31-a0-360-gb3e1d13bf4
   720 | D:3      | Found a shimmering blue altar of Sif Muna.
   730 | D:3      | Found an opulent altar of Gozag.
   815 | D:3      | Became a worshipper of Gozag Ym Sagoz the Greedy
   912 | D:3      | Found a faded altar of an unknown god.
  1168 | D:4      | Found Exawargh's Distillery.
  1192 | D:4      | Reached skill level 7 in Unarmed Combat
  1438 | D:5      | Entered Level 5 of the Dungeon
  1574 | D:5      | Reached XP level 6. HP: 29/47 MP: 7/7
  1603 | D:5      | Found a staircase to the Ecumenical Temple.
  1650 | D:5      | Found a hide-covered altar of Uskayaw.
  1666 | D:5      | Noticed an ice beast
  1683 | D:5      | Killed an ice beast
  1684 | D:5      | Reached skill level 8 in Unarmed Combat
  1995 | D:6      | Reached XP level 7. HP: 43/52 MP: 5/8
  2022 | D:6      | Reached skill level 9 in Unarmed Combat
  2163 | D:7      | Found a large runed translucent door.
  2163 | D:7      | Found a large runed translucent door.
  2164 | D:7      | Noticed ablizno's ghost (novice MfGl)
  2193 | D:7      | Killed ablizno's ghost
  2194 | D:7      | Reached skill level 11 in Unarmed Combat
  2194 | D:7      | Reached XP level 8. HP: 41/59 MP: 6/9
  2325 | D:7      | Reached skill level 12 in Unarmed Combat
  2325 | D:7      | Gained mutation: You passively map the area around you.
                  | [Meteoran growth]
  2325 | D:7      | Reached XP level 9. HP: 34/67 MP: 5/10
  2527 | D:8      | Noticed a troll
  2536 | D:8      | Killed a troll
  2603 | D:8      | Noticed a komodo dragon
  2608 | D:8      | Killed a komodo dragon
  2659 | D:8      | Found an ancient bone altar of Kikubaaqudgha.
  2679 | D:8      | Reached skill level 5 in Dodging
  2686 | D:8      | Noticed a hornet
  2691 | D:8      | Paralysed by a hornet for 1 turns
  2695 | D:8      | Mangled by a wyvern

Illustrated notes

Levels and vault maps discovered:
D:1:      lightli_arrival_windingriver, layout_loops_ring, solitary_fountain,
          minmay_misc_feat_room, st_stairs_5
D:2:      layout_loops_ring, basic_altar, eino_tiny_chamber,
          uniq_crazy_yiuf_cottage, uniq_natasha, uniq_sigmund
D:3:      layout_basic, mainiacjoe_overflow_big_doors,
          chequers_ecumenical_altar_simple
D:4:      layout_basic, serial_shops, nicolae_shop_industrial_runoff,
          minmay_misc_feat_encased
D:5:      layout_rooms, worldfamousw_hep_ancestral_shrine,
          mainiacjoe_overflow_six_doors_small, lemuel_temple_firewalk_b,
          uniq_ijyb
D:6:      layout_cave_pods, minmay_quadrilaterals
D:7:      layout_loops_ring, ebering_ghost_disaster_area, kennysheep_boxes
D:8:      layout_loops_ring, mainiacjoe_overflow_catwalk,
          nicolae_ru_sacrificial_ziggurat, kennysheep_island_fort

Skill      XL: |  1  2  3  4  5  6  7  8  9 |
---------------+----------------------------+-----
Unarmed Combat | 4 5 6 7 8 11 12 | 12.7
Dodging        | 5 |  5.0
Fighting       | 4 |  4.1
Shapeshifting  | |  3.6

Action                     |  1- 3 |  4- 6 |  7- 9 || total
---------------------------+-------+-------+-------++-------
  Melee: Unarmed           |    61 |   100 |   159 ||   320
         Punch             |     1 |       |       ||     1
  Evoke: Wand              |       |       |     2 ||     2
    Use: Scroll            |       |    11 |       ||    11
         Potion            |       |       |     2 ||     2
 Armour: Animal skin       |    10 |    11 |       ||    21
         Scale mail        |       |    12 |    43 ||    55
  Dodge: Dodged            |    22 |    32 |    31 ||    85
  Block: Kite shield       |     7 |    24 |    59 ||    90

Table legend: (Time is in decaauts)
 A = Elapsed time spent in this place.
 B = Non-inter-level travel time spent in this place.
 C = Inter-level travel time spent in this place.
 D = Time resting spent in this place.
 E = Time spent auto-exploring this place.
 F = Levels seen in this place.
 G = Mean time per level.
                   A        B        C        D        E       F      G
               +--------+--------+--------+--------+--------+-----+--------+
         Total |   2683 |   2507 |    176 |      0 |   1364 |   8 |  335.4 |
       Dungeon |   2683 |   2507 |    176 |      0 |   1364 |   8 |  335.4 |
               +--------+--------+--------+--------+--------+-----+--------+

Top non-repeatable levels by time:
     D:3: 397 daAuts
     D:6: 395 daAuts
     D:2: 379 daAuts
     D:7: 356 daAuts
     D:4: 335 daAuts
     D:1: 314 daAuts
     D:5: 304 daAuts
     D:8: 199 daAuts
